 Dungeon Crawl Stone Soup version 0.29.0-15-g675c0067aa (webtiles) character file.

Game seed: 8254649658057885178

3931 Ge0ff the Merchant of Misery (level 10, -3/77 HPs)
             Began as a Meteoran Necromancer on Sept 11, 2022.
             Was a Believer of Kikubaaqudgha.
             Slain by an eight-headed hydra (9 damage)
             ... on level 11 of the Dungeon.
             The game lasted 00:27:17 (2471 turns).

Ge0ff the Merchant of Misery (Meteoran Necromancer) Turns: 2471, Time: 00:27:17

Health: -3/77      AC:  2    Str: 10    XL:     10   Next: 71%
Magic:  18/24      EV: 16    Int: 22    God:    Kikubaaqudgha [**....]
Gold:   190        SH:  0    Dex: 14    Spells: 13/27 levels left

rFire   . . .      SeeInvis .   a - +0 dagger (protect)
rCold   . . .      Faith    .   (no shield)
rNeg    . . .      Spirit   .   V - +0 robe
rPois   .          Reflect  .   (no helmet)
rElec   .          Harm     .   (no cloak)
rCorr   .          Rampage  .   (no gloves)
Will    +....                   (no boots)
Stlth   +.........              (no amulet)
HPRegen 0.22/turn               P - +4 ring of evasion
MPRegen 0.19/turn               (no ring)

@: animating dead, hasted, glowing, very quick
A: sense surroundings 2, otherworldly, glowing, explore regen
a: Renounce Religion, Unearth Wretches


You were on level 11 of the Dungeon.
You worshipped Kikubaaqudgha.
Kikubaaqudgha was pleased with you.
You visited 2 branches of the dungeon, and saw 12 of its levels.
You also visited: Sewer.

You collected 190 gold pieces.

Inventory:

Hand Weapons
 a - a +0 dagger of protection (weapon)
 I - a +2 dagger of holy wrath
 T - a +1 falchion
Missiles
 g - a throwing net {=F}
 v - 2 curare-tipped darts {=F}
 M - 5 poisoned darts
Armour
 G - the +1 leather armour of the Endless Expanse {rPois rN+++ Dex+3 Stlth-}
   (You found it on level 10 of the Dungeon)

   Dex:       It affects your dexterity (+3).
   rPois:     It protects you from poison.
   rN:        It renders you almost immune to negative energy.
   Stlth:     It makes you less stealthy.
 V - a +0 robe (worn)
Jewellery
 P - a +4 ring of evasion (left hand)
 Q - an amulet of faith
 Y - a ring of fire
Wands
 d - a wand of digging (7)
 f - a wand of flame (19)
 k - a wand of iceblast (5)
 s - a wand of mindburst (3)
Scrolls
 O - a scroll of butterflies
 R - a scroll of enchant weapon
 S - 2 scrolls of summoning
 U - a scroll of enchant armour
Potions
 o - a potion of ambrosia
 u - a potion of mutation {!q}
 H - a potion of haste {!q}
 J - a potion of brilliance {unknown}
 K - 3 potions of magic {!q}
 L - a potion of lignification
 N - 3 potions of cancellation {!q}
 W - a potion of heal wounds {!q}
 X - a potion of might {unknown}
 Z - a potion of curing {unknown}


   Skills:
 - Level 3.0 Fighting
 - Level 3.0 Short Blades
 - Level 2.4 Dodging
 - Level 1.4 Stealth
 + Level 9.0 Spellcasting
 - Level 3.0 Hexes
 * Level 12.1 Necromancy
 - Level 2.0 Translocations
 - Level 3.0 Fire Magic
 - Level 4.0 Evocations


You had 13 spell levels left.
You knew the following spells:

 Your Spells              Type           Power      Damage    Failure   Level
g - Apportation           Tloc           36%        N/A       3%          1
j - Inner Flame           Hex/Fire       23%        N/A       6%          3
k - Necrotise             Necr           100%       1d9       1%          1
x - Animate Dead          Necr           59%        N/A       1%          4
C - Scorch                Fire           46%        2d7       3%          2
E - Vampiric Draining     Necr           59%        2d10      1%          3

Your spell library contained the following spells:

 Spells                   Type           Power      Damage    Failure   Level
 Agony                    Necr           59%        N/A       1%          5
 Foxfire                  Conj/Fire      64%        2x1d7     3%          1
 Anguish                  Hex/Necr       21%        N/A       3%          4
 Summon Small Mammal      Summ           36%        N/A       7%          1
 Poisonous Vapours        Pois/Air       18%        N/A       10%         2
 Conjure Flame            Conj/Fire      16%        6-21      11%         3
 Corpse Rot               Necr/Pois/Air  27%        N/A       13%         4
 Flame Wave               Conj/Fire      16%        2d7       34%         4
 Summon Cactus Giant      Summ           4%         N/A       100%        6


Dungeon Overview and Level Annotations

Branches:
Dungeon (11/15) Zot: 4491  Temple (1/1) D:5 Zot: 557   Sewer (visited)
   Lair: D:8-11         Orc: D:9-12

Altars:
Ashenzari
Cheibriados
Dithmenos
Elyvilon
Fedhas
Gozag
Hepliaklqana
Kikubaaqudgha
Makhleb
Nemelex Xobeh
Okawaru
Qazlal
Ru
Sif Muna
Trog
Uskayaw
Vehumet
Wu Jian
Xom
Yredelemnul
Zin
The Shining One

Shops:
D:1 ([

Annotations:
D:5 1 transporter, DKP123's ghost, novice HOFi
D:10 Lodul


Innate Abilities, Weirdness & Mutations

You passively map the area around you.
You are easily found by Zot.
You glow in the dark.
You regain HP and MP as you explore.


Message History

Press: ? - help, Shift-Dir - straight line, f/p - eight-headed hydra
Aim: an eight-headed hydra (moderately wounded, fleeing, ally target, chance to affect: 52%)
Okay, then.
Okay, then.
Your rime drake zombie bites the eight-headed hydra.
A gnoll sergeant comes into view. It is wielding a +0 spear.
The eight-headed hydra seems to regain its courage.
Your rime drake zombie bites the eight-headed hydra.
Casting: Necrotise (safe; 1% risk of failure)
Confirm with . or Enter, or press ? or * to list all spells.
Aiming: Necrotise (safe; 1% risk of failure)
Press: ? - help, Shift-Dir - straight line, f/p - eight-headed hydra
Aim: an eight-headed hydra (moderately wounded, ally target, chance to affect: 52%)
The eight-headed hydra resists with significant effort.
A vampire comes into view.
Your rime drake zombie bites the eight-headed hydra.
Casting: Necrotise (safe; 1% risk of failure)
Confirm with . or Enter, or press ? or * to list all spells.
Aiming: Necrotise (safe; 1% risk of failure)
Press: ? - help, Shift-Dir - straight line, f/p - eight-headed hydra
Aim: an eight-headed hydra (heavily wounded, ally target, chance to affect: 52%)
The eight-headed hydra writhes in agony.
The vampire mumbles some strange words.
The vampire flickers and vanishes!
Deactivating autopickup; reactivate with Ctrl-A.
Casting: Necrotise (safe; 1% risk of failure)
Confirm with . or Enter, or press ? or * to list all spells.
Aiming: Necrotise (safe; 1% risk of failure)
Press: ? - help, Shift-Dir - straight line, f/p - eight-headed hydra
Aim: an eight-headed hydra (heavily wounded, ally target, chance to affect: 52%)
The eight-headed hydra writhes in agony.
Really quaff
H - 2 potions of haste {!q}?
You feel yourself speed up.
Casting: Necrotise (safe; 1% risk of failure)
Confirm with . or Enter, or press ? or * to list all spells.
Aiming: Vampiric Draining (safe; 1% risk of failure)
Press: ? - help, Shift-Dir - straight line, f/p - eight-headed hydra
Aim: an eight-headed hydra (heavily wounded, ally target)
You draw life force from the eight-headed hydra!
You feel life coursing into your body.
The eight-headed hydra closely misses you.
The eight-headed hydra bites you! The eight-headed hydra bites you.
The eight-headed hydra closely misses you.
The eight-headed hydra bites you!
* * * LOW HITPOINT WARNING * * *
The eight-headed hydra misses you. The eight-headed hydra bites you!
* * * LOW HITPOINT WARNING * * *
The eight-headed hydra bites you!
You die...
Kikubaaqudgha rasps: "You have failed me!
Welcome... death!"

# ,*,,,,, * #
*......,...### , * #
#....###....###., ,
#.8..._...8.....,, , #
#....!)......... , , *
#### #.8.......8..... ,
...######.....$.Z.......,
* ...<...#..8.....D.8.#
###.............@...# , #
##.........[.....##
##..##.......g.## ,
#..#########..# #..# #..#
* * #..# #..# #..# #..# *
, #..# * ..## , * , * ,
## ** ,,,


You could see an eight-headed hydra (ally target), a gnoll sergeant and a
friendly rime drake zombie.

Vanquished Creatures
  A two-headed ogre (D:8)
  A cyclops (D:8)
  A manticore (D:8)
  A rime drake (shapeshifter) (D:11)
  A gargoyle (D:10)
  A hornet (D:7)
  A steam dragon (D:6)
  A water moccasin (D:7)
  An orc warrior (D:7)
  A manticore zombie (D:8)
  3 ogres (D:10)
  A centaur (D:8)
  2 kobold brigands (Sewer)
  2 bullfrogs
  A necrophage (D:9)
  A scorpion (D:7)
  3 wights
  3 killer bees (D:9)
  2 howler monkeys
  A hound (D:5)
  An iguana (D:7)
  An orc wizard (D:9)
  4 gnolls
  5 river rats (Sewer)
  An adder (D:4)
  A dart slug (D:2)
  15 orcs
  4 endoplasms
  A giant cockroach (D:6)
  A goblin (D:4)
  4 jackals (D:4)
  2 quokkas (D:6)
  2 ball pythons
  A bat (D:1)
  3 frilled lizards
  12 kobolds
  11 rats
98 creatures vanquished.

Vanquished Creatures (collateral kills)
  A two-headed ogre (D:9)
  A tengu conjurer (D:7)
  A centaur (D:9)
  5 wights
  A killer bee (D:9)
  An orc wizard (D:5)
  A river rat (Sewer)
  7 orcs
  An endoplasm (Sewer)
  5 ball pythons (Sewer)
  A frilled lizard (Sewer)
  16 rats (Sewer)
41 creatures vanquished.

Vanquished Creatures (others)
  An ice beast (D:7)
  3 killer bee zombies (D:9)
  2 ogre zombies (D:10)
  A howler monkey zombie (D:7)
  4 ball python zombies (Sewer)
  5 orc zombies (D:8)
  A rat (D:8)
  5 rat zombies
  16 plants
38 creatures vanquished.

Grand Total: 177 creatures vanquished

Notes
Turn   | Place    | Note
-------+----------+-------------------------------------------
     0 | D:1      | Ge0ff the Meteoran Necromancer began the quest for the Orb.
     0 | D:1      | Reached XP level 1. HP: 14/14 MP: 5/5
    78 | D:1      | Found Laiwkene's Weapon Boutique.
   113 | D:1      | Found Fiufedgh's Armour Shop.
   176 | D:2      | Reached XP level 2. HP: 20/20 MP: 1/6
   353 | D:4      | Reached skill level 5 in Necromancy
   355 | D:4      | Reached XP level 3. HP: 26/26 MP: 5/8
   375 | D:4      | Noticed a gnoll sergeant
   396 | D:5      | Entered Level 5 of the Dungeon
   512 | D:5      | Reached XP level 4. HP: 33/33 MP: 5/10
   516 | D:5      | Found a transporter.
   517 | D:5      | Noticed DKP123's ghost (novice HOFi)
   525 | D:5      | Noticed a wight
   587 | D:5      | Found a staircase to the Ecumenical Temple.
   593 | D:5      | Reached XP level 5. HP: 38/38 MP: 6/11
   595 | D:5      | Reached skill level 6 in Necromancy
   639 | Temple   | Entered the Ecumenical Temple
   672 | Temple   | Became a worshipper of Kikubaaqudgha
   750 | D:6      | Learned a level 4 spell: Animate Dead
   765 | D:6      | Found a glowing drain.
   769 | Sewer    | Entered a sewer
   792 | Sewer    | Reached XP level 6. HP: 40/45 MP: 6/13
   855 | Sewer    | Reached * piety under Kikubaaqudgha
   855 | Sewer    | Received a gift from Kikubaaqudgha
   873 | Sewer    | Reached skill level 7 in Necromancy
   952 | Sewer    | Reached skill level 1 in Fighting
  1027 | Sewer    | Reached XP level 7. HP: 47/53 MP: 5/14
  1170 | D:6      | Noticed a steam dragon
  1180 | D:6      | Killed a steam dragon
  1181 | D:6      | Reached skill level 1 in Evocations
  1191 | D:6      | Learned a level 3 spell: Vampiric Draining
  1331 | D:6      | Reached skill level 5 in Spellcasting
  1367 | D:7      | Noticed a hornet
  1553 | D:7      | Reached skill level 8 in Necromancy
  1553 | D:7      | Reached XP level 8. HP: 62/62 MP: 12/16
  1570 | D:7      | Reached skill level 1 in Short Blades
  1596 | D:7      | Found a basalt altar of Yredelemnul.
  1596 | D:7      | Found a shadowy altar of Dithmenos.
  1604 | D:7      | Found an iron altar of Okawaru.
  1632 | D:8      | Noticed a two-headed ogre
  1643 | D:8      | Killed a two-headed ogre
  1644 | D:8      | Reached skill level 9 in Necromancy
  1644 | D:8      | Gained mutation: You passively map the area around you.
                  | [Meteoran growth]
  1644 | D:8      | Reached XP level 9. HP: 69/69 MP: 14/19
  1723 | D:7      | Reached ** piety under Kikubaaqudgha
  1747 | D:7      | Killed a hornet
  1748 | D:7      | Reached skill level 10 in Necromancy
  1932 | D:8      | Learned a level 3 spell: Inner Flame
  1959 | D:9      | Reached skill level 1 in Hexes
  1959 | D:9      | Reached skill level 1 in Fire Magic
  1965 | D:9      | Learned a level 2 spell: Scorch
  2018 | D:9      | Learned a level 1 spell: Apportation
  2043 | D:10     | Entered Level 10 of the Dungeon
  2149 | D:9      | Reached XP level 10. HP: 77/77 MP: 14/22
  2158 | D:9      | Reached skill level 1 in Translocations
  2241 | D:9      | Noticed a two-headed ogre
  2247 | D:9      | Killed a two-headed ogre
  2248 | D:9      | Reached skill level 11 in Necromancy
  2289 | D:10     | Identified the +1 leather armour of the Endless Expanse
                  | {rPois rN+++ Dex+3 Stlth-}
  2289 | D:10     | Noticed Lodul
  2291 | D:10     | Noticed a gargoyle
  2301 | D:10     | Killed a gargoyle
  2306 | D:10     | Noticed a kobold demonologist
  2423 | D:11     | Noticed a tengu warrior
  2426 | D:11     | Noticed a rime drake
  2426 | D:11     | a queen bee changed into a rime drake
  2443 | D:11     | Killed a rime drake
  2444 | D:11     | Reached skill level 12 in Necromancy
  2450 | D:11     | Found a hide-covered altar of Uskayaw.
  2453 | D:11     | Noticed an eight-headed hydra
  2471 | D:11     | Slain by an eight-headed hydra

Illustrated notes

Levels and vault maps discovered:
D:1:      heliophobic_arrival_ceremonial_halls, layout_basic, serial_bayou,
          serial_bayou_ford_a, serial_bayou_pond_b, serial_bayou_shore_a,
          serial_bayou_lagoon_a, serial_bayou_crossing,
          shapermc_ecumenical_altar_mp_highgroup, serial_shops, shop,
          nicolae_shop_trees, nicolae_shop_stone, nicolae_diamond_shop,
          nicolae_shop_waterfront
D:2:      layout_basic, mrwooster_statue_mirror, uniq_natasha
D:3:      layout_loops_cross, minmay_fractal_squares_5
D:4:      lemuel_castle_with_subvaults [lemuel_castle_interior_carwin_2],
          layout_basic, minmay_stone_trees_small, uniq_crazy_yiuf_cottage
D:5:      layout_basic, minmay_temple_entry_statues, gammafunk_ghost_mausoleum
D:6:      layout_loops_corners, gup_sewer_entry_bowl
D:7:      layout_basic, jmf_multi_god_temple, okawaru_trees_1,
          minmay_shattered_shrine
D:8:      layout_basic, lair_entry_dummy
D:9:      layout_long_grid
D:10:     layout_loops_ring, uniq_lodul
D:11:     minmay_tearing_corner, layout_layer_cave, orc_0_dummy, serial_shops,
          nicolae_shop_advertising_works [nicolae_subvault_shop_adworks],
          eat_drink_and_be_merry_uskayaw
Temple:   hellmonk_temple_of_storms

Skill      XL: |  1  2  3  4  5  6  7  8  9 10 |
---------------+-------------------------------+-----
Spellcasting   | 3 4 5 6 7 9 |  9.0
Necromancy     | 5 6 7 8 9 10 12 | 12.1
Fighting       | 1 2 3 |  3.0
Evocations     | 1 3 4 |  4.0
Short Blades   | 3 |  3.0
Hexes          | 1 3 |  3.0
Fire Magic     | 1 3 |  3.0
Translocations | 2 |  2.0
Dodging        | |  2.4
Stealth        | |  1.4

Action                   |  1- 3 |  4- 6 |  7- 9 | 10-12 || total
-------------------------+-------+-------+-------+-------++-------
Melee: Unarmed           |     1 |     1 |       |       ||     2
       Dagger            |       |    11 |    54 |     6 ||    71
 Cast: Necrotise         |    43 |    74 |    54 |    25 ||   196
       Animate Dead      |       |     2 |     9 |     2 ||    13
       Vampiric Draining |       |       |    12 |     2 ||    14
       Apportation       |       |       |     6 |     3 ||     9
       Inner Flame       |       |       |     2 |       ||     2
       Scorch            |       |       |       |     6 ||     6
Invok: Unearth Wretches  |       |       |     2 |       ||     2
Evoke: Wand              |       |       |    12 |     6 ||    18
  Use: Scroll            |     4 |     2 |     8 |     3 ||    17
       Potion            |       |       |     2 |     2 ||     4
 Stab: Paralysed         |       |       |    26 |     6 ||    32
       Distracted        |       |       |     1 |       ||     1
Armor: Robe              |     2 |     7 |    19 |       ||    28
Dodge: Dodged            |    14 |    31 |    66 |    17 ||   128
